 Dungeon Crawl Stone Soup version 0.31-a0-271-gb88eb75e06 (webtiles) character file.

Game seed: 12781150154479537899

2 cforsyth the Changeling (level 1, -3/25 HPs)
             Began as a Meteoran Shapeshifter on July 14, 2023.
             Killed from afar by Natasha (7 damage)
             ... with a magic dart
             ... on level 2 of the Dungeon.
             The game lasted 00:00:34 (81 turns).

cforsyth the Changeling (Meteoran Shapeshifter)       Turns: 81, Time: 00:00:35

Health: -3/25      AC: 20    Str: 16    XL:     1   Next: 57%
Magic:  2/2        EV:  2    Int:  9    God:
Gold:   0          SH:  0    Dex: 14    Spells: 0/0 levels left

rFire   . .          .
                       - Unarmed
rCold   . . .        (no shield)
rNeg    . . .        a - melded +0 animal skin
rPois   +            (helmet currently unavailable)
rElec   .            (cloak currently unavailable)
rCorr   .            (gloves currently unavailable)
SInv    .            (boots currently unavailable)
Will    .....        (no amulet)
Stlth   +            (no ring)
HPRegen 0.24/turn    (no ring)
MPRegen 0.08/turn

%: no passive effects
@: tree-form, glowing
A: stationary, stasis, torment immunity, boosted hp, sense surroundings 1,
otherworldly, glowing, explore regen
a: no special abilities


You were on level 2 of the Dungeon.
You were a tree.
You visited 1 branch of the dungeon, and saw 2 of its levels.

Inventory:

Armour
 a - a +0 animal skin (melded)
Talismans
 c - a beast talisman
Scrolls
 d - a scroll of revelation {unknown}
Potions
 e - a potion of enlightenment {unknown}
 f - a potion of ambrosia {unknown}


   Skills:
 - Level 2.1 Fighting
 - Level 2.4 Dodging
 + Level 2.6 Unarmed Combat
 + Level 3.7 Shapeshifting


You couldn't memorise any spells.
You didn't know any spells.
Your spell library was empty.

Dungeon Overview and Level Annotations

Branches:
Dungeon (2/15) Zot: 1118

Altars:

Annotations:
D:2 Natasha


Innate Abilities, Weirdness & Mutations

You are a tree.
Your roots penetrate the ground, keeping you stationary.
You cannot be teleported.
You are immune to unholy pain and torment.
Your maximum health is greatly increased.
Your equipment is partially melded.
You passively map a small area around you.
You are easily found by Zot.
You glow in the dark.
You regain HP and MP as you explore.


Message History

You see here a ball python corpse.
Found a glowing dark potion.
f - a glowing dark potion
Found 7 stones.
Found an escape hatch in the floor.
Found a stone staircase leading down.
Natasha and a bat come into view.
Natasha hisses angrily.
The bat misses you. The bat hits you but does no damage.
You miss the bat. The bat hits you but does no damage.
The bat hits you but does no damage. Natasha claws you.
You barely miss Natasha. Natasha claws you!
* * * LOW HITPOINT WARNING * * *
You barely miss Natasha. Natasha claws you.
* * * LOW HITPOINT WARNING * * *
You hit Natasha.
Natasha is lightly wounded.
Natasha mumbles some strange words.
Really quaff the potion of lignification?
Your transformation has ended.
You turn into a tree.
Your +0 animal skin melds into your body.
Your roots penetrate the ground.
Natasha claws you.
* * * LOW HITPOINT WARNING * * *
The cerulean imp hits you but does no damage.
You smack Natasha!
Natasha is severely wounded.
Natasha claws you but does no damage.
The cerulean imp hits you but does no damage.
You closely miss Natasha.
Natasha is severely wounded.
Natasha mumbles some strange words.
The cerulean imp hits you but does no damage.
You barely miss Natasha.
Natasha is severely wounded.
Natasha stares at you and mumbles some strange words.
The magic dart hits you!
You die...

* #.#........# #..... ,
#.#........# #......,
#..........# .......
#.#........# .......
#.#........####..>....,
#+#............(...... *
....##...#...5....... ,
.....*###.#...hb...... ,
*
.....#......5♣#.b.....,,
* ....
#........#......., ,
#........#....... *
#####..###.....h., ,
#..# ....... * *,.....
....... ,, ....>,
....... #.... , #... ,


You could see Natasha, 2 cerulean imps and a bat.

Vanquished Creatures
  A goblin (D:1)
  A ball python (D:2)
  A frilled lizard (D:2)
3 creatures vanquished.

Notes
Turn   | Place    | Note
-------+----------+-------------------------------------------
     0 | D:1      | cforsyth the Meteoran Shapeshifter began the quest for the
                  | Orb.
     0 | D:1      | Reached XP level 1. HP: 17/17 MP: 2/2
    68 | D:2      | Noticed Natasha
    78 | D:2      | Noticed a cerulean imp
    81 | D:2      | Noticed a cerulean imp
    81 | D:2      | Killed from afar by Natasha

Illustrated notes

Levels and vault maps discovered:
D:1:      amcnicky_arrival_gap_in_the_tavern_cellar, layout_loops_ring,
          minmay_misc_feat_hallway, minmay_misc_feat_tiny
D:2:      layout_basic, uniq_natasha

Action                     || total
---------------------------++-------
  Melee: Unarmed           ||    12
    Use: Potion            ||     1
 Armour: Skin              ||     4
         Animal skin       ||     3
  Dodge: Dodged            ||     1

Table legend: (Time is in decaauts)
 A = Elapsed time spent in this place.
 B = Non-inter-level travel time spent in this place.
 C = Inter-level travel time spent in this place.
 D = Time resting spent in this place.
 E = Time spent auto-exploring this place.
 F = Levels seen in this place.
 G = Mean time per level.
                   A        B        C        D        E       F      G
               +--------+--------+--------+--------+--------+-----+--------+
         Total |     80 |     80 |      0 |      0 |      0 |   2 |   40.0 |
       Dungeon |     80 |     80 |      0 |      0 |      0 |   2 |   40.0 |
               +--------+--------+--------+--------+--------+-----+--------+

Top non-repeatable levels by time:
     D:2: 40 daAuts
     D:1: 40 daAuts
